 Dungeon Crawl Stone Soup version 0.24-a0-235-g3f03afcf10 (webtiles) character file.

Game seed: 5181847289869359244

85435 MrRokkomies the Nimble (level 15, -1/72 HPs)
             Began as a Spriggan Air Elementalist on Apr 3, 2019.
             Was an Initiate of Gozag.
             Killed from afar by a wizard (35 damage)
             ... with a crystal spear
             ... on level 14 of the Dungeon on Apr 5, 2019.
             The game lasted 03:39:29 (37111 turns).

MrRokkomies the Nimble (Spriggan Air Elementalist) Turns: 37111, Time: 03:39:38

Health: -1/72      AC: 17    Str: 10    XL:     15   Next: 38%
Magic:  29/39      EV: 31    Int: 20    God:    Gozag
Gold:   1618       SH:  7    Dex: 18    Spells: 2/34 levels left

rFire    + . .     SeeInvis +   a - +1 whip of Jemul {elec, rPois}
rCold    . . .     Gourm    .   J - +0 buckler
rNeg     + + +     Faith    .   H - +5 steam dragon scales
rPois    +         Spirit   .   Q - +0 hat "Galiatwi" {rF+ rN+++}
rElec    .         Reflect  .   G - +2 cloak of the Thief {+Fog Slay-2 SInv Stlth+}
rCorr    .         Harm     .   (gloves unavailable)
MR       +++..                  (boots unavailable)
Stlth    +++.......             U - amulet of the acrobat
HPRegen  0.22/turn              F - +4 ring of protection
MPRegen  0.26/turn              S - ring of Tulips {+Inv MR+ MP+9 Str+4}

@: gold aura, studying Evocations, very quick
A: very small, unfitting armour, see invisible, herbivore, speed 3, slow
metabolism 2
a: Potion Petition, Call Merchant, Bribe Branch, Renounce Religion, Evoke Fog,
Evoke Invisibility


You were on level 14 of the Dungeon.
You worshipped Gozag.
Gozag was most pleased with you.
You were near starving.

You visited 4 branches of the dungeon, and saw 23 of its levels.
You also visited: Gauntlet.

You collected 8451 gold pieces.
You spent 4644 gold pieces at shops.
You paid 2189 gold pieces to Gozag.

Inventory:

Hand Weapons
 a - the +1 whip of Jemul (weapon) {elec, rPois}
   (You bought it in a shop on level 2 of the Orcish Mines)

   Occasionally, upon striking a foe, it will discharge some electrical energy
   and cause terrible harm.
   It protects you from poison.
 b - the +9 fustibalus "Undertaker" {velocity, rC- Int+5}
   (You bought it in a shop on level 2 of the Orcish Mines)

   Any stone fired from it inflicts extra damage.
   It affects your intelligence (+5).
   It makes you vulnerable to cold.
 i - a +2 short sword of venom
 K - a +0 blowgun
Missiles
 g - 148 sling bullets
 k - 88 poisoned needles
 C - 4 throwing nets (quivered)
Armour
 h - a +0 cloak
 E - a +2 robe of resistance
 G - the +2 cloak of the Thief (worn) {+Fog Slay-2 SInv Stlth+}
   (You found it in a Gauntlet)

   It affects your accuracy and damage with ranged weapons and melee attacks
   (-2).
   It lets you see invisible.
   It makes you more stealthy.
 H - +5 steam dragon scales (worn)
 J - a +0 buckler (worn)
 Q - the +0 hat "Galiatwi" (worn) {rF+ rN+++}
   (You found it in a Gauntlet)

   It protects you from fire.
   It renders you almost immune to negative energy.
Jewellery
 f - an uncursed ring of resist corrosion
 q - an uncursed amulet of magic regeneration
 t - an uncursed ring of ice
 w - an uncursed ring of wizardry
 F - a +4 ring of protection (left hand)
 S - the ring of Tulips (right hand) {+Inv MR+ MP+9 Str+4}
   (You bought it in a shop on level 2 of the Lair of Beasts)

   [ring of protection from magic]

   It affects your strength (+4).
   It affects your resistance to hostile enchantments.
   It affects your magic capacity (+9).
   It lets you turn invisible.
 U - an amulet of the acrobat (around neck)
Wands
 d - a wand of acid (15)
 s - a wand of polymorph (11)
 A - a wand of flame (19)
 L - a wand of paralysis (1)
 M - a wand of iceblast (10)
 R - a wand of disintegration (13)
 V - a wand of enslavement (9)
Scrolls
 n - 6 scrolls of amnesia
 r - 3 scrolls of fog
 v - 8 scrolls of remove curse
 y - a scroll of silence
 D - 2 scrolls of enchant weapon
 P - 4 scrolls of teleportation
 W - 2 scrolls of identify
Potions
 e - a potion of ambrosia
 j - a potion of might
 l - 4 potions of magic
 m - 5 potions of brilliance
 o - a potion of heal wounds
 p - 3 potions of flight
 u - 2 potions of berserk rage
 x - 5 potions of lignification
 z - a potion of resistance
 B - 6 potions of haste
 I - 2 potions of agility
 O - 3 potions of curing
Books
 Y - a manual of Evocations
Miscellaneous
 N - a phial of floods
 T - a lamp of fire
 X - a sack of spiders
 Z - a lightning rod (4/4)
Comestibles
 c - 8 rations


   Skills:
 - Level 5.0 Fighting
 * Level 1.0 Slings
 - Level 14.3 Dodging
 - Level 3.0 Stealth
 - Level 5.0 Shields
 - Level 10.0 Spellcasting
 - Level 8.0 Conjurations
 - Level 5.1 Charms
 * Level 7.7 Summonings
 - Level 10.0 Translocations
 - Level 13.0 Air Magic
 + Level 14.1 Evocations


You had 2 spell levels left.
You knew the following spells:

 Your Spells              Type           Power        Failure   Level  Hunger
a - Shock                 Conj/Air       ####         1%          1    None
b - Static Discharge      Conj/Air       ######..     1%          3    None
c - Airstrike             Air            ######....   1%          4    ##.....
d - Lightning Bolt        Conj/Air       ######....   3%          5    ####...
e - Blink                 Tloc           N/A          1%          2    None
f - Shroud of Golubria    Chrm/Tloc      #####.....   1%          2    None
g - Gell's Gravitas       Tloc           ######....   1%          3    None
h - Teleport Other        Tloc           ######..     1%          3    None
i - Summon Forest         Summ/Tloc      #####.....   6%          5    ####...
j - Summon Lightning Spi  Summ/Air       ######..     1%          4    ##.....

Your spell library contained the following spells:

 Spells                   Type           Power        Failure   Level  Hunger
 Summon Small Mammal      Summ           ####         1%          1    None
 Call Imp                 Summ           #####...     1%          2    None
 Swiftness                Chrm/Air       #####...     1%          2    None
 Corona                   Hex            ##.....      8%          1    None
 Corpse Rot               Necr           N/A          12%         2    None
 Ensorcelled Hibernation  Hex/Ice        ##....       12%         2    None
 Call Canine Familiar     Summ           #####...     1%          3    None
 Lesser Beckoning         Tloc           ######....   1%          3    None
 Recall                   Summ/Tloc      N/A          1%          3    None
 Passage of Golubria      Tloc           N/A          1%          4    ##.....
 Dazzling Spray           Conj/Hex       ####..       4%          3    None
 Stone Arrow              Conj/Erth      ####..       4%          3    None
 Summon Guardian Golem    Hex/Summ       ####....     4%          3    None
 Aura of Abjuration       Summ           #####.....   10%         5    ####...
 Summon Demon             Summ           #####.....   10%         5    ####...
 Summon Ice Beast         Ice/Summ       ####....     16%         4    ##.....
 Confuse                  Hex            ##......     24%         3    None
 Tukima's Dance           Hex            ##......     24%         3    None
 Summon Mana Viper        Hex/Summ       ####....     41%         5    ####...
 Shadow Creatures         Summ           N/A          45%         6    ######.
 Animate Dead             Necr           N/A          61%         4    ##.....
 Leda's Liquefaction      Hex/Erth       ##........   61%         4    ##.....
 Borgnjor's Vile Clutch   Necr/Erth      ##........   91%         5    ####...
 Summon Hydra             Summ           #####.....   96%         7    #######
 Death Channel            Necr           ##........   100%        6    ######.
 Hydra Form               Tmut           ##........   100%        6    ######.
 Simulacrum               Ice/Necr       ##........   100%        6    ######.


Dungeon Overview and Level Annotations

Branches:
Dungeon (14/15)            Temple (1/1) D:5            Lair (6/6) D:9
 Shoals (0/4) Lair:2        Snake (0/4) Lair:4        Slime (0/5) Lair:5
    Orc (2/2) D:12            Elf (0/3) Orc:2        Vaults (0/5) D:13

Altars:
Ashenzari
Cheibriados
Dithmenos
Elyvilon
Fedhas
Gozag
Hepliaklqana
Kikubaaqudgha
Makhleb
Qazlal
Ru
Sif Muna
Uskayaw
Vehumet
Wu Jian
Xom
Yredelemnul
Zin
The Shining One
Beogh
Jiyva

Shops:
D:5 *   D:8 %   D:11 *   D:12 [   D:14 %   Orc:2 (?[(   Lair:2 =

Annotations:
D:13 exclusions: obsidian statue and orange crystal statue
Lair:5 3 runed translucent doors, Tuudo's ghost, journeyman DsFi


Innate Abilities, Weirdness & Mutations

You are very small and have problems with some larger weapons.
You are too small for most types of armour.
You have supernaturally acute eyesight. (SInv)
You are a herbivore.
You cover ground extremely quickly.
You need to consume almost no food.


Message History

You hit the wizard.
The wizard is no longer distracted by gold.
The wizard is severely wounded.
The wizard casts a spell.
The wizard seems to speed up.
The wizard misses you.
You hit the wizard but do no damage.
The wizard is severely wounded.
The wizard hits you with a cursed +0 dagger.
You hit the wizard. Lightning courses through the wizard!
The wizard is almost dead.
The wizard hits you but does no damage. x2
You closely miss the wizard.
The wizard is almost dead.
You are near starving!
The wizard casts a spell at you. The crystal spear hits you!!
The wizard points at you and mumbles some strange words.
The crystal spear hits you!!
You die...
Your body crumbles into a pile of gold.

.................#,*,,,*,,,,*,,,*
#................#,*,,,*,,,,*,,,*
#.###########....#,*,,,*,,,,*,,,*
#.#,,,....,,#....#,*####,,,,*,,,*
#.#,,,.....,#....#,,....,,,,*,,,*
#.#,,,.....,#....#,....,,,,,*****
..#,,,......#....#...,,,,,,,,,,,,
*##,,,......##'###.#*+****,,,,,,,
<,,,,,..........@p.#,,,,,*,,,,,,,
..,,,,.......$$$...#,,,,,*,,,,,,,
.#****#......(.....#,,,,,*,,,,,,,
.#,,,,#.......$....#,,,,,*,,,,,,,
.#,,,,#............#+*****,,,,,,,
.#,,,,+...............,,,,,,,,,,,
.#,,,,#..........[.....,,,,,,,,,,
.#,,,,#..........#####.,,,,******
.######..........# *******


You could see a wizard.

Vanquished Creatures
  An orc warlord (Orc:2)
  An entropy weaver (Gauntlet)
  A minotaur (Gauntlet)
  Snorg (Lair:4)
  Fannar (Lair:2)
  An ogre mage (D:13)
  5 hydras
  Erica (D:8)
  6 two-headed ogres
  3 centaur warriors
  A death yak (Lair:5)
  2 orc high priests (Orc:2)
  An unseen horror (D:12)
  2 orc knights (Orc:2)
  Pikel (D:4)
  4 orc sorcerers
  5 manticores
  4 ugly things
  3 deep elf magi
  A wolf spider (Lair:6)
  A cyclops (D:12)
  17 elephants
  12 black mambas
  2 gargoyles
  A torpor snail (Gauntlet)
  A guardian serpent (Lair:6)
  19 spiny frogs
  4 yaktaurs (D:13)
  3 rime drakes
  11 komodo dragons
  A yaktaur (shapeshifter) (D:13)
  4 trolls
  3 hornets (Lair:6)
  A polar bear (Lair:5)
  A merfolk (D:12)
  A polar bear (shapeshifter) (D:10)
  Prince Ribbit (D:7)
  Grinder (D:4)
  14 hippogriffs
  A meliai zombie (D:10)
  2 slime creatures (D:8)
  6 blink frogs
  A centaur simulacrum (D:14)
  2 redbacks (Gauntlet)
  A shadow (D:14)
  3 basilisks
  14 wyverns
  48 yaks
  4 hungry ghosts
  A steam dragon (Lair:3)
  A naga (Lair:4)
  A warg (Orc:1)
  2 vampire mosquitoes (D:11)
  Edmund (D:4)
  2 acid dragons (D:11)
  15 water moccasins
  A soldier ant (D:12)
  14 porcupines
  31 orc warriors
  A slave (D:4)
  A sky beast (D:8)
  2 phantoms
  An eye of draining (D:12)
  7 ice beasts
  A necrophage (D:12)
  2 black bears (D:8)
  14 ogres
  16 centaurs
  4 wolves (Lair:6)
  12 crocodiles
  7 big kobolds
  19 bullfrogs
  A gnoll sergeant (D:7)
  8 scorpions
  7 killer bees
  5 wights (D:13)
  4 centaur zombies
  3 howler monkeys
  8 crimson imps
  21 orc wizards
  7 hounds
  7 jellies
  19 orc priests
  3 gnoll shamans (Orc:1)
  7 iguanas
  Crazy Yiuf (D:2)
  A bullfrog skeleton (D:10)
  Ijyb (D:4)
  6 hell rats (Lair:5)
  15 worker ants
  A killer bee zombie (D:7)
  A howler monkey zombie (D:7)
  21 gnolls
  17 adders
  6 shadow imps
  An ooze (D:4)
  3 worms
  2 dart slugs
  5 leopard geckos
  108 orcs
  5 ball pythons
  6 giant cockroaches
  7 hobgoblins
  22 jackals
  10 quokkas
  10 bats
  2 frilled lizards (D:1)
  10 goblins
  23 kobolds
  2 leopard gecko skeletons
  A leopard gecko zombie (D:7)
  2 quokka skeletons
  6 rats
  A fungus (Lair:6)
  A plant (Lair:6)
778 creatures vanquished.

Vanquished Creatures (collateral kills)
  A stone giant (Orc:2)
  An ettin (Orc:1)
  Erolcha (Orc:1)
  A death yak (Lair:5)
  An ugly thing (D:14)
  4 slime creatures (D:14)
  An acid dragon (D:10)
  A water moccasin (Lair:6)
  2 orc warriors
  An ogre (Orc:1)
  A crocodile (Lair:6)
  A scorpion (D:14)
  3 orcs
19 creatures vanquished.

Vanquished Creatures (others)
  A slave (D:4)
  A boggart (D:13)
  A bullfrog (D:12)
  2 hounds
  An orc wizard (Orc:1)
  A worker ant (D:4)
  An adder (D:4)
  An orc (D:4)
  A jackal (D:4)
  A quokka (D:4)
  30 fungi
  45 plants
  4 toadstools (D:4)
90 creatures vanquished.

Grand Total: 887 creatures vanquished

Notes
Turn   | Place    | Note
-------+----------+-------------------------------------------
     0 | D:1      | MrRokkomies the Spriggan Air Elementalist began the quest
                  | for the Orb.
     0 | D:1      | Reached XP level 1. HP: 9/9 MP: 5/5
    65 | D:1      | You fall through a shaft!
    97 | D:2      | Reached skill level 1 in Conjurations
    97 | D:2      | Reached XP level 2. HP: 13/13 MP: 3/6
   509 | D:2      | Reached XP level 3. HP: 16/16 MP: 8/8
  1003 | D:1      | Learned a level 3 spell: Static Discharge
  1500 | D:1      | Reached XP level 4. HP: 5/21 MP: 4/9
  2915 | D:2      | Found a runed translucent door.
  2916 | D:2      | Noticed Crazy Yiuf
  2935 | D:2      | Killed Crazy Yiuf
  2935 | D:2      | Reached XP level 5. HP: 24/24 MP: 6/10
  3135 | D:2      | Learned a level 4 spell: Airstrike
  4239 | D:3      | Reached XP level 6. HP: 24/28 MP: 8/11
  4273 | D:3      | Found a deep blue altar of Sif Muna.
  4629 | D:3      | Reached skill level 5 in Dodging
  4880 | D:4      | Noticed a slave
  4880 | D:4      | Noticed a slave
  4907 | D:4      | Noticed Edmund
  4933 | D:4      | Killed Edmund
  5045 | D:4      | Reached skill level 5 in Air Magic
  5110 | D:4      | Noticed a slave
  5147 | D:4      | Killed a slave
  5225 | D:4      | Reached XP level 7. HP: 27/32 MP: 12/12
  5343 | D:4      | Noticed Pikel
  5383 | D:4      | Killed Pikel
  5383 | D:4      | Reached XP level 8. HP: 11/36 MP: 10/13
  5831 | D:4      | Reached skill level 5 in Conjurations
  5913 | D:4      | Found a shattered altar of Ashenzari.
  5967 | D:4      | Noticed Grinder
  6161 | D:4      | Killed Grinder
  6312 | D:4      | Noticed Ijyb
  6320 | D:4      | Killed Ijyb
  6790 | D:5      | Entered Level 5 of the Dungeon
  6809 | D:5      | Found a staircase to the Ecumenical Temple.
  6820 | Temple   | Entered the Ecumenical Temple
  7294 | D:5      | Found a snail-covered altar of Cheibriados.
  7459 | D:5      | Found a shadowy altar of Dithmenos.
  7518 | D:5      | Found a shimmering altar of Xom.
  7521 | D:5      | Found a stormy altar of Qazlal.
  7540 | D:5      | Found Gozag's Platinum Reserve.
  7561 | D:5      | Found an opulent altar of Gozag.
  7575 | D:5      | Became a worshipper of Gozag Ym Sagoz the Greedy
  7909 | D:6      | Found a blossoming altar of Fedhas.
  8127 | D:6      | You fall through a shaft for 2 floors!
  8127 | D:8      | Noticed a slime creature
  8127 | D:8      | Noticed a slime creature
  8128 | D:8      | Noticed a slime creature
  8204 | D:8      | Found a blossoming altar of Fedhas.
  8250 | D:8      | Noticed Erica
  8290 | D:8      | Reached XP level 9. HP: 34/39 MP: 14/14
  8864 | D:7      | Learned a level 5 spell: Lightning Bolt
  9038 | D:7      | Noticed Prince Ribbit
  9063 | D:7      | Killed Prince Ribbit
  9524 | D:7      | Reached skill level 5 in Spellcasting
  9890 | D:7      | Reached skill level 1 in Fighting
 10182 | D:8      | Reached skill level 10 in Air Magic
 10559 | D:8      | Reached XP level 10. HP: 30/46 MP: 19/19
 10958 | D:8      | Bought a ration for 55 gold pieces
 10958 | D:8      | Bought a ration for 55 gold pieces
 10958 | D:8      | Bought a ration for 55 gold pieces
 10958 | D:8      | Bought a ration for 55 gold pieces
 10958 | D:8      | Bought a ration for 55 gold pieces
 10958 | D:8      | Bought a ration for 55 gold pieces
 10989 | D:8      | Noticed a two-headed ogre
 11051 | D:8      | Killed a two-headed ogre
 11407 | D:8      | Found an ornate altar of the Wu Jian Council.
 11570 | D:8      | Killed Erica
 11872 | D:9      | Found a staircase to the Lair.
 11997 | D:9      | Upgraded the game from 0.24-a0-230-g536ed4e33c to
                  | 0.24-a0-232-g49d9ff80d8
 12218 | D:9      | You fall through a shaft for 3 floors!
 12219 | D:12     | Noticed a gargoyle
 12382 | D:10     | Entered Level 10 of the Dungeon
 13078 | Lair:1   | Entered Level 1 of the Lair of Beasts
 13274 | Lair:1   | Found a stormy altar of Qazlal.
 13276 | Lair:1   | Noticed a spiny frog
 13301 | Lair:1   | Killed a spiny frog
 13301 | Lair:1   | Reached skill level 5 in Fighting
 13301 | Lair:1   | Reached skill level 10 in Dodging
 13500 | Lair:1   | Reached skill level 1 in Shields
 14075 | Lair:1   | Reached XP level 11. HP: 28/55 MP: 20/20
 14556 | Lair:2   | Noticed Fannar
 14670 | Lair:2   | Killed Fannar
 14714 | Lair:2   | Found a staircase to the Shoals.
 15504 | Lair:2   | Noticed a seven-headed hydra
 15533 | Lair:2   | Killed a seven-headed hydra
 15812 | Lair:2   | Noticed a lindwurm
 16185 | Lair:2   | Reached skill level 5 in Shields
 16883 | Lair:3   | Reached XP level 12. HP: 34/60 MP: 25/25
 17386 | Lair:3   | Noticed a five-headed hydra
 17392 | Lair:3   | Killed a five-headed hydra
 17761 | Lair:3   | Reached skill level 10 in Spellcasting
 18884 | Lair:4   | Noticed Snorg
 19212 | Lair:4   | Found a staircase to the Snake Pit.
 19569 | Lair:4   | Killed Snorg
 20659 | Lair:2   | Bought the ring of Tulips {+Inv MR+ MP+9 Str+4} for 1193
                  | gold pieces
 20713 | Lair:5   | Found a viscous altar of Jiyva.
 20713 | Lair:5   | Found a staircase to the Slime Pits.
 20726 | Lair:5   | Reached skill level 1 in Evocations
 21235 | Lair:5   | Noticed a death yak
 21236 | Lair:5   | Noticed a death yak
 21265 | Lair:5   | Reached XP level 13. HP: 22/63 MP: 12/28
 21508 | Lair:5   | Found a runed translucent gate.
 21508 | Lair:5   | Found a runed translucent gate.
 21509 | Lair:5   | Found a runed translucent gate.
 21513 | Lair:5   | Noticed a death ooze
 21519 | Lair:5   | Noticed a death ooze
 21521 | Lair:5   | Found a viscous altar of Jiyva.
 21521 | Lair:5   | Noticed Tuudo's ghost (journeyman DsFi)
 21552 | Lair:5   | Learned a level 2 spell: Blink
 21555 | Lair:5   | Learned a level 2 spell: Shroud of Golubria
 21574 | Lair:5   | Learned a level 3 spell: Gell's Gravitas
 21697 | Lair:5   | Reached skill level 5 in Evocations
 22370 | Lair:6   | Entered Level 6 of the Lair of Beasts
 22800 | Lair:6   | Reached skill level 1 in Charms
 22800 | Lair:6   | Reached skill level 1 in Translocations
 23385 | Lair:6   | Reached skill level 5 in Charms
 23385 | Lair:6   | Reached skill level 5 in Translocations
 24893 | Lair:6   | Reached XP level 14. HP: 55/68 MP: 5/29
 25867 | D:10     | Found a transporter.
 25973 | D:10     | Found a transporter.
 26472 | D:10     | Found a transporter.
 26475 | D:10     | Found a transporter.
 26556 | D:10     | Found a transporter.
 27121 | D:11     | Found Xeawnebb's General Store.
 27139 | D:11     | Bought a lamp of fire for 520 gold pieces
 27465 | D:11     | Learned a level 3 spell: Teleport Other
 27471 | D:11     | Learned a level 5 spell: Summon Forest
 27903 | D:12     | Reached skill level 10 in Evocations
 28229 | D:12     | Reached skill level 1 in Summonings
 28333 | D:12     | Found a staircase to the Orcish Mines.
 29430 | Orc:1    | Entered Level 1 of the Orcish Mines
 29680 | Orc:1    | Noticed Erolcha
 30270 | Orc:1    | Reached skill level 10 in Translocations
 30336 | Orc:1    | Killed Erolcha
 30706 | Orc:2    | Entered Level 2 of the Orcish Mines
 30875 | Orc:2    | Found a staircase to the Elven Halls.
 30893 | Orc:2    | Noticed a stone giant
 30930 | Orc:2    | Killed a stone giant
 31270 | Orc:2    | Found a roughly hewn altar of Beogh.
 31544 | Orc:2    | Noticed an orc warlord
 31566 | Orc:2    | Killed an orc warlord
 31888 | Orc:2    | Reached skill level 5 in Summonings
 32047 | Orc:2    | Found a roughly hewn altar of Beogh.
 32047 | Orc:2    | Found Voovof's Antique Weapon Emporium.
 32056 | Orc:2    | Found Ofyidot's Antique Armour Shoppe.
 32075 | Orc:2    | Bought steam dragon scales for 1160 gold pieces
 32226 | Orc:2    | Found a roughly hewn altar of Beogh.
 32461 | Orc:2    | Found a roughly hewn altar of Beogh.
 32518 | Orc:2    | Found Syuluum's Weapon Emporium.
 32700 | Orc:2    | Found Ruadwomp's Magic Scroll Emporium.
 32804 | Orc:2    | Found a roughly hewn altar of Beogh.
 33014 | Orc:2    | Found a roughly hewn altar of Beogh.
 33280 | Orc:2    | Bought the cursed +1 whip of Jemul {elec, rPois} for 252
                  | gold pieces
 33280 | Orc:2    | Bought the +9 fustibalus "Undertaker" {velocity, rC- Int+5}
                  | for 1014 gold pieces
 33280 | Orc:2    | Bought 7 sling bullets for 45 gold pieces
 34541 | D:13     | Learned a level 4 spell: Summon Lightning Spire
 34583 | D:13     | Reached XP level 15. HP: 55/72 MP: 21/30
 35250 | D:13     | Found a gate to the Vaults.
 35597 | D:13     | Identified the +5 spear "Cigeli" {pierce, Str+3}
 35729 | D:14     | Found Kutzood's Food Shoppe.
 35797 | D:14     | Found a gate leading to a gauntlet.
 35804 | Gauntlet | Entered a Gauntlet
 35804 | Gauntlet | Found a transporter.
 35936 | Gauntlet | Found a transporter.
 35938 | Gauntlet | Found a transporter.
 35945 | Gauntlet | Found a runed translucent gate.
 35945 | Gauntlet | Found a runed translucent gate.
 35945 | Gauntlet | Found a runed translucent gate.
 35947 | Gauntlet | Found a transporter.
 35949 | Gauntlet | Found a transporter.
 35959 | Gauntlet | Found a transporter.
 35975 | Gauntlet | Found a transporter.
 35985 | Gauntlet | Found a transporter.
 35992 | Gauntlet | Found a runed translucent door.
 35996 | Gauntlet | Found a transporter.
 36009 | Gauntlet | Found a transporter.
 36018 | Gauntlet | Found a transporter.
 36023 | Gauntlet | Found a transporter.
 36072 | Gauntlet | Found a transporter.
 36222 | Gauntlet | Found a transporter.
 36232 | Gauntlet | Got a brightly glowing hat
 36233 | Gauntlet | Identified the +0 hat "Galiatwi" {rF+ rN+++} (You found it
                  | in a Gauntlet)
 36239 | Gauntlet | Upgraded the game from 0.24-a0-232-g49d9ff80d8 to
                  | 0.24-a0-235-g3f03afcf10
 36314 | Gauntlet | Identified the +8 quarterstaff "Lopycsat" {flame, +Fly rF+
                  | Int-3 SInv}
 36328 | Gauntlet | Found the +2 cloak of the Thief {+Fog Slay-2 SInv Stlth+}
 36328 | Gauntlet | Got a flickering wooden ring
 36329 | Gauntlet | Identified the ring of Xudopseu {SInv Stlth+} (You found it
                  | in a Gauntlet)
 36648 | D:14     | Bought a ration for 65 gold pieces
 36648 | D:14     | Bought a ration for 65 gold pieces
 37085 | D:14     | Reached skill level 1 in Slings
 37111 | D:14     | Killed from afar by a wizard

Levels and vault maps discovered:
D:1:      tarquinn_simple_flora_water_a, layout_loops_ring,
          minmay_misc_feat_tower, chequers_serial_rivers_micro_a,
          minmay_pentomino_s4
D:2:      layout_loops_ring, uniq_crazy_yiuf_cottage
D:3:      layout_basic, overflow_temple_1_default, minmay_goblin_kobold_house
D:4:      layout_basic, ashenzari_conservatory_becter, first_ration,
          grunt_ministairs_11, minmay_gold_behind_fungi, uniq_edmund, uniq_ijyb,
          uniq_grinder, uniq_pikel
D:5:      layout_cave_pools, lemuel_round_altar,
          grunt_dithmenos_smoke_and_mirrors, nicolae_gozag_zags_fifth_avenue,
          overflow_temple_1_default, kennysheep_slug_shrine,
          minmay_temple_entry_junction
D:6:      layout_basic, gammafunk_temple_overflow_forgotten,
          overflow_temple_1_default, nicolae_zen_rock_garden,
          kennysheep_pointless_box, fedhas_altar_decomposition
D:7:      layout_basic, uniq_prince_ribbit1
D:8:      layout_basic, nicolae_overflow_crystal_walls, basic_altar, uniq_erica
D:9:      layout_loops_ring, lair_entry_dummy
D:10:     gammafunk_the_bubble [the_bubble_gammafunk_roulette], layout_basic
D:11:     layout_loops_ring, serial_shops,
          nicolae_shop_temple_entry_statues_fountains
D:12:     layout_long_grid, orc_0_dummy, hangedman_stone_soup
D:13:     layout_loops_ring, hangedman_vaults_entry_quadrant_bands, david_greed
D:14:     layout_irregular_city, serial_shops, shop, gauntlet_entry_generic,
          hangedman_abyss_or_decor_passed, uniq_roxanne
Temple:   dpeg_chambers_temple
Lair:1:   layout_chaotic_city, basic_altar, serial_bayou_shore_b,
          lemuel_fruit_tree
Lair:2:   cheibrodos_lair_overgrown_chateau, layout_regular_city,
          minmay_shoals_entry_beasts, minivault_27, wad_woods_03, uniq_fannar
Lair:3:   layout_hall_layers, grunt_megastairs_3
Lair:4:   layout_regular_city, guppyfry_snake_entry_garden,
          chequers_serial_rivers_micro_a, grunt_megastairs_1, uniq_snorg
Lair:5:   layout_hall_layers, slime_altar_1, gammafunk_ghost_ooze, st_stairs_9,
          beast_lair_carwin_3
Lair:6:   hangedman_lair_tendril_chambers, layout_long_grid
Orc:1:    layout_caves, uniq_erolcha
Orc:2:    grunt_orc_community_town_hall, layout_caves,
          grunt_orc_community_big_house_1, grunt_orc_community_big_house_2,
          grunt_orc_community_house_3, grunt_orc_community_house_1,
          grunt_orc_community_house_2, grunt_orc_community_house_1,
          grunt_orc_community_house_1
Gauntlet: minmay_gauntlet_77_tree [minmay_gauntlet_arena_77_mess,
          minmay_gauntlet_arena_77_fan, minmay_gauntlet_arena_77_run_for_it,
          minmay_gauntlet_arena_77_path,
          minmay_gauntlet_arena_77_tiled_triplets,
          minmay_gauntlet_arena_77_double_cross,
          minmay_gauntlet_arena_77_museum, gauntlet_exit_watery]

Skill      XL: |  1  2  3  4  5  6  7  8  9 10 11 12 13 14 15 |
---------------+----------------------------------------------+-----
Conjurations   | 1 2 3 4 6 7 8 |  8.0
Air Magic      | 3 4 5 6 8 10 11 13 | 13.0
Dodging        | 4 5 6 10 12 14 | 14.3
Spellcasting   | 5 8 10 | 10.0
Fighting       | 1 5 |  5.0
Shields        | 2 5 |  5.0
Evocations     | 3 9 12 14 | 14.1
Charms         | 5 |  5.1
Translocations | 5 10 | 10.0
Summonings     | 5 7 |  7.7
Slings         | 1 |  1.0
Stealth        | |  3.0

Action                   |  1- 3 |  4- 6 |  7- 9 | 10-12 | 13-15 || total
-------------------------+-------+-------+-------+-------+-------++-------
Melee: Short sword       |    78 |    62 |       |       |   176 ||   316
       Quarterstaff      |       |    53 |       |       |       ||    53
       Whip              |       |       |   160 |   204 |   799 ||  1163
 Fire: Blowgun           |       |    17 |    85 |    39 |    27 ||   168
Throw: Throwing net      |       |       |       |     2 |       ||     2
 Cast: Shock             |    36 |    67 |    58 |   277 |   145 ||   583
       Static Discharge  |       |     7 |    13 |   101 |   245 ||   366
       Airstrike         |       |     1 |    31 |    70 |   232 ||   334
       Lightning Bolt    |       |       |     4 |    25 |    20 ||    49
       Gell's Gravitas   |       |       |       |       |    64 ||    64
       Blink             |       |       |       |       |     2 ||     2
       Shroud of Golubri |       |       |       |       |     3 ||     3
       Summon Forest     |       |       |       |       |     2 ||     2
       Summon Lightning  |       |       |       |       |     2 ||     2
Invok: Call Merchant     |       |       |       |     2 |     1 ||     3
 Abil: Evoke Invisibilit |       |       |       |       |     2 ||     2
Evoke: Wand              |       |       |     1 |     4 |    10 ||    15
       Phial of floods   |       |       |       |       |     3 ||     3
       Lamp of fire      |       |       |       |       |     1 ||     1
       Sack of spiders   |       |       |       |       |     1 ||     1
  Use: Scroll            |       |     4 |     8 |    11 |    15 ||    38
       Potion            |       |     2 |     2 |     1 |       ||     5
 Stab: Sleeping          |     5 |    10 |     3 |     1 |    15 ||    34
       Paralysed         |       |     3 |       |       |       ||     3
       Distracted        |       |       |     1 |     2 |    11 ||    14
  Eat: Ration            |       |     1 |     8 |    12 |    17 ||    38
Armor: Robe              |     8 |    16 |    24 |    18 |    56 ||   122
       Skin              |       |     6 |       |       |       ||     6
       Steam dragon scal |       |       |       |       |    52 ||    52
Dodge: Dodged            |   130 |   136 |   222 |   355 |  1077 ||  1920
Block: Buckler           |       |       |       |    91 |   430 ||   521

Table legend:
 A = Non-vault XP
 B = Vault XP
 C = Vault XP percentage of total XP
 D = Non-vault monster count
 E = Vault monster count
 F = Vault count percentage of total count
                 A         B        C        D         E       F
            +---------+---------+-------+---------+---------+-------
      Total |   77362 |   44688 |  36.6 |     592 |     202 |  25.4
            +---------+---------+-------+---------+---------+-------
        D:1 |      65 |       6 |   8.5 |      24 |       4 |  14.3
        D:2 |     108 |      37 |  25.5 |      26 |       1 |   3.7
        D:3 |     233 |      10 |   4.1 |      31 |       5 |  13.9
        D:4 |     764 |    1114 |  59.3 |      27 |       8 |  22.9
        D:5 |     257 |       4 |   1.5 |      21 |       1 |   4.5
        D:6 |     169 |       0 |   0.0 |       6 |       0 |   0.0
        D:7 |    1738 |     277 |  13.7 |      31 |       1 |   3.1
        D:8 |    3182 |     950 |  23.0 |      31 |       1 |   3.1
        D:9 |     333 |       0 |   0.0 |       8 |       0 |   0.0
       D:10 |    4487 |    1242 |  21.7 |      35 |      11 |  23.9
       D:11 |    4949 |       0 |   0.0 |      47 |       0 |   0.0
       D:12 |    6555 |     434 |   6.2 |      40 |       4 |   9.1
       D:13 |    3423 |    6291 |  64.8 |      26 |      18 |  40.9
       D:14 |    8469 |       0 |   0.0 |      35 |       0 |   0.0
     Lair:1 |    2234 |       0 |   0.0 |      11 |       0 |   0.0
     Lair:2 |    2216 |    5206 |  70.1 |       8 |      17 |  68.0
     Lair:3 |    8811 |     149 |   1.7 |      31 |       1 |   3.1
     Lair:4 |    6237 |    1449 |  18.9 |      29 |       3 |   9.4
     Lair:5 |    6315 |    2509 |  28.4 |      28 |       8 |  22.2
     Lair:6 |   12093 |   10452 |  46.4 |      37 |      36 |  49.3
      Orc:1 |    3062 |     910 |  22.9 |      47 |       1 |   2.1
      Orc:2 |    1662 |    9439 |  85.0 |      13 |      74 |  85.1
   Gauntlet |       0 |    4209 | 100.0 |       0 |       8 | 100.0
            +---------+---------+-------+---------+---------+-------
